 Dungeon Crawl Stone Soup version 0.20-a0-2-g2b0e13a (webtiles) character file.

56 Kaname the Stinger (level 3, 0/24 HPs)
             Began as a Demonspawn Venom Mage on Oct 29, 2016.
             Succumbed to an adder's poison
             ... on level 2 of the Dungeon.
             The game lasted 00:04:08 (2012 turns).

Kaname the Stinger (Demonspawn Venom Mage)          Turns: 2012, Time: 00:04:09

Health: 0/24       AC:  3    Str:  8    XL:     3   Next: 71%
Magic:  1/6        EV: 12    Int: 17    God:
Gold:   48         SH:  0    Dex: 13    Spells: 2 memorised, 2 levels left

rFire  . . .     SeeInvis .     f - -1 spear (curse)
rCold  . . .     Gourm    .     a - +0 robe
rNeg   . . .     Faith    .     (no shield)
rPois  .         Spirit   .     (no helmet)
rElec  .         Reflect  .     (no cloak)
rCorr  .         Harm     .     (no gloves)
MR     .....                    l - +0 pair of boots
Stlth  ++........               (no amulet)
                                (no ring)
                                (no ring)

@: lethally poisoned (0 -> -6), very slightly contaminated
A: rot immunity
a: no special abilities


You were on level 2 of the Dungeon.
You were not hungry.

You visited 1 branch of the dungeon, and saw 2 of its levels.

You collected 48 gold pieces.

Inventory:

Hand Weapons
 e - a +0 dagger
 f - a cursed -1 spear (weapon)
Armour
 a - a +0 robe (worn)
 l - a +0 pair of boots (worn)
Jewellery
 h - an uncursed ring of poison resistance {unknown}
 k - a +2 ring of strength {unknown}
 p - an uncursed amulet of guardian spirit {unknown}
Scrolls
 d - a scroll of enchant weapon {unknown}
 g - a scroll of remove curse {unknown}
 i - a scroll of identify {unknown}
 j - a scroll of magic mapping {unknown}
 m - a scroll of teleportation {unknown}
Books
 b - a Young Poisoner's Handbook

   Spells                             Type                      Level
   a - Sting                          Conjuration/Poison           1
   b - Mephitic Cloud                 Conjuration/Poison/Air       3
   c - Olgreb's Toxic Radiance        Poison                       4
   d - Alistair's Intoxication        Transmutation/Poison         5
   e - Venom Bolt                     Conjuration/Poison           5
Comestibles
 c - 2 bread rations
 n - 3 chunks of flesh
 o - a beef jerky


   Skills:
 - Level 1.7 Dodging
 - Level 1.7 Stealth
 - Level 2.0 Spellcasting
 + Level 3.4 Conjurations
 - Level 4.0 Poison Magic


You had 2 spell levels left.
You knew the following spells:

 Your Spells              Type           Power        Failure   Level  Hunger
a - Sting                 Conj/Pois      ##..         4%          1    #......
b - Mephitic Cloud        Conj/Pois/Air  ##......     24%         3    ###....


Dungeon Overview and Level Annotations

Branches:
Dungeon (2/15)

Altars:


Innate Abilities, Weirdness & Mutations

You are immune to rotting.


Message History

You kill the adder!
* * * LOW HITPOINT WARNING * * *
You feel sick.
There is an open door here.
You see here an adder corpse.
* * * LOW HITPOINT WARNING * * *
You feel sick.
* * * LOW HITPOINT WARNING * * *
You feel sick.
* * * LOW HITPOINT WARNING * * *
You feel sick.
* * * LOW HITPOINT WARNING * * *
You feel sick.
Found a club.
* * * LOW HITPOINT WARNING * * *
You feel sick.
Found 5 gold pieces.
You see here a thick silver amulet.
p - a thick silver amulet You die...

#.# #.#. .# #.# ###.#.
.# ##.########
......###.#
##..........
#........#
#.....######
#........####....#
##...)............#
$........[#####.###
#...@.# #.# ##.##.#
##'## # #.# ##...##
#.# ##.....## # ##
#.###.......## #
##...#.##.........####
#.......†.........'...
##...#.##.........###.
##.##.###.......## #.


There were no monsters in sight!

Vanquished Creatures
  An adder (D:2)
  An ooze (D:1)
  A worm (D:2)
  A dart slug (D:1)
  A leopard gecko (D:1)
  5 bats
  2 giant cockroaches (D:2)
  2 hobgoblins (D:1)
  4 jackals (D:1)
  A ball python (D:1)
  2 frilled lizards (D:1)
  4 goblins
  6 kobolds
  7 rats
38 creatures vanquished.

Notes
Turn   | Place    | Note
-------+----------+-------------------------------------------
     0 | D:1      | Kaname the Demonspawn Venom Mage began the quest for the Orb.
     0 | D:1      | Reached XP level 1. HP: 13/13 MP: 3/3
   140 | D:1      | Reached skill level 1 in Conjurations
   354 | D:1      | Gained mutation: You are immune to rotting. [demonic ancestry]
   354 | D:1      | Reached XP level 2. HP: 16/19 MP: 5/5
  1264 | D:1      | Reached XP level 3. HP: 24/24 MP: 6/6
  1941 | D:2      | Learned a level 3 spell: Mephitic Cloud
  2010 | D:2      | HP: 1/24 [poisoned by an adder]
  2012 | D:2      | Succumbed to an adder's poison

Vault maps used:
D:1:      wheals_arrival_shading

Skill      XL: |  1  2  3 |
---------------+----------+-----
Conjurations   | 1 2 3 |  3.4
Dodging        | |  1.7
Stealth        | |  1.7
Spellcasting   | |  2.0
Poison Magic   | |  4.0

Action                   || total
-------------------------++-------
Melee: Spear             ||   115
       Dagger            ||     5
 Cast: Sting             ||    39
 Stab: Sleeping          ||     1
  Eat: Chunk             ||     4
Armor: Robe              ||    19
Dodge: Dodged            ||    69
